 Dungeon Crawl Stone Soup version 0.27-a0-1191-g601b473118 (webtiles) character file.

Game seed: 11592886761667714679

91 tilp the Caller (level 4, -1/49 HPs)
             Began as a Barachi Summoner on May 24, 2021.
             Slain by Pikel
             ... wielding a +2 whip of flaming
              (3 damage)
             ... on level 3 of the Dungeon.
             The game lasted 00:07:51 (3662 turns).

tilp the Caller (Barachi Summoner)                  Turns: 3662, Time: 00:07:53

Health: -1/49      AC: 22    Str: 10    XL:     4   Next: 57%
Magic:  1/8        EV:  2    Int: 16    God:
Gold:   194        SH:  0    Dex: 12    Spells: 3/9 levels left

rFire    . . .     SeeInvis .   a - +0 spear
rCold    . . .     Faith    .   (no shield)
rNeg     + + +     Spirit   .   (armour currently unavailable)
rPois    +         Reflect  .   (helmet currently unavailable)
rElec    .         Harm     .   (cloak currently unavailable)
rCorr    .         Rampage  .   (gloves currently unavailable)
Will     .....     NoTele   +   (boots currently unavailable)
Stlth    ++........             (no amulet)
HPRegen  0.16/turn              g - ring of wizardry
MPRegen  0.11/turn              (no ring)

@: tree-form (expiring)
A: stationary, stasis, torment immunity, boosted hp, (amphibious), (slowness 1),
(strong legs 1), +LOS
a: no special abilities


You were on level 3 of the Dungeon.
You were a tree.
You visited 1 branch of the dungeon, and saw 4 of its levels.

You collected 194 gold pieces.

Inventory:

Hand Weapons
 a - a +0 spear (weapon)
Missiles
 l - 4 boomerangs
Armour
 b - a +0 leather armour (melded)
Jewellery
 g - a ring of wizardry (left branch)
 h - a ring of fire
 k - an amulet of faith
Scrolls
 f - 2 scrolls of amnesia
 i - a scroll of magic mapping
 j - a scroll of enchant armour


   Skills:
 + Level 2.0 Fighting
 * Level 0.5 Polearms
 + Level 2.2 Dodging
 + Level 1.8 Stealth
 - Level 3.0 Spellcasting
 - Level 6.0 Summonings


You had 3 spell levels left.
You knew the following spells:

 Your Spells              Type           Power      Damage    Failure   Level
a - Summon Small Mammal   Summ           84%        N/A       1%          1
b - Call Imp              Summ           21%        N/A       1%          2
c - Call Canine Familiar  Summ           21%        N/A       1%          3

Your spell library contained the following spells:

 Spells                   Type           Power      Damage    Failure   Level
 Summon Guardian Golem    Hex/Summ       12%        N/A       6%          3
 Magic Dart               Conj           8%         1d3       8%          1
 Searing Ray              Conj           4%         3d3       12%         2
 Dazzling Flash           Conj/Hex       4%         N/A       22%         3
 Summon Ice Beast         Ice/Summ       12%        N/A       21%         4
 Summon Lightning Spire   Summ/Air       12%        N/A       21%         4
 Fulminant Prism          Conj/Hex       1%         3d6       56%         4
 Iskenderun's Mystic Bla  Conj/Tloc      2%         2d3       56%         4


Dungeon Overview and Level Annotations

Branches:
Dungeon (4/15)
 Temple: D:4-7

Altars:
Dithmenos

Annotations:
D:3 Pikel


Innate Abilities, Weirdness & Mutations

You are a tree.
Your roots penetrate the ground, keeping you stationary.
You cannot be teleported.
You are immune to unholy pain and torment.
Your maximum health is greatly increased.
Your equipment is partially melded.
((You are amphibious.))
((You cover ground slowly.))
((You can hop short distances.))
You have an extended range of vision and can be seen from far away.


Message History

Your hound barely misses the lemure.
The lemure hits you but does no damage. The lemure hits your hound.
Unknown command.
Unknown command.
You hit Pikel but do no damage.
Pikel is moderately wounded.
Your hound bites the lemure.
Pikel hits you but does no damage. The lemure hits you but does no damage.
Your hound misses the lemure. The lemure hits your hound.
Unknown command.
Unknown command.
Unknown command.
Unknown command.
Unknown command.
Unknown command.
You completely miss Pikel.
Pikel is moderately wounded.
Pikel completely misses you.
Your hound barely misses the lemure.
The lemure completely misses you. The lemure misses your hound.
Pikel hits you with a +2 whip of flaming.
* * * LOW HITPOINT WARNING * * *
Pikel burns you.
* * * LOW HITPOINT WARNING * * *
Unknown command.
Unknown command.
Unknown command.
You hit Pikel but do no damage.
Pikel is moderately wounded.
Your hound barely misses the lemure.
The lemure hits you but does no damage.
Your hound bites the lemure.
The lemure closely misses your hound. Pikel completely misses you.
Unknown command.
Unknown command.
You hit Pikel.
Pikel is moderately wounded.
Your hound barely misses the lemure.
The lemure hits you.
* * * LOW HITPOINT WARNING * * *
The lemure closely misses your hound.
Pikel hits you with a +2 whip of flaming.
You die...

#.#.##.# #.# #.# #.#
#.#.##.###.# #.# #.#
###.#........# #.# ##.#
#.....##.##### #.# #..#
#.#...##.# #.# #.##
##.###.##.###### #.# #.#
#..# #.##......# #.# #.#
##.####.##..###5###.###.#
#..)..........5K♣r.#....#
..[####.###.#.#h###.##..#
##.####.# #......##.##..#
5K[(....# ###.#.#.......#
##>####.#####..#.##.##.##
##.####........#.##.##.#
...........##..#.##.##.#
#####............##.##.#
###.##.##..####.##.#


You could see Pikel (ally target), 2 lemures, a friendly hound (summoned) and a
friendly quokka (summoned).

Vanquished Creatures
  3 orcs (D:3)
  6 bats
  3 giant cockroaches
  2 goblins
  2 hobgoblins
  A jackal (D:1)
  5 kobolds
  3 quokkas
  2 ball pythons (D:1)
  A frilled lizard (D:2)
  2 rats
30 creatures vanquished.

Vanquished Creatures (collateral kills)
  An orc priest (D:3)
  A gnoll (D:1)
  An adder (D:3)
  A worm (D:2)
  3 orcs (D:3)
  An endoplasm (D:1)
  3 hobgoblins (D:3)
  7 jackals
  2 ball pythons
  4 bats
  2 frilled lizards
  2 goblins (D:3)
  A kobold (D:1)
  A rat (D:1)
30 creatures vanquished.

Grand Total: 60 creatures vanquished

Notes
Turn   | Place    | Note
-------+----------+-------------------------------------------
     0 | D:1      | tilp the Barachi Summoner began the quest for the Orb.
     0 | D:1      | Reached XP level 1. HP: 13/13 MP: 3/3
   200 | D:1      | Reached skill level 1 in Fighting
   473 | D:1      | Reached XP level 2. HP: 4/22 MP: 1/5
   482 | D:1      | Learned a level 2 spell: Call Imp
   888 | D:1      | Reached skill level 5 in Summonings
  1325 | D:1      | Reached XP level 3. HP: 25/27 MP: 3/6
  2003 | D:2      | Found a shadowy altar of Dithmenos.
  2358 | D:2      | Found a faded altar of an unknown god.
  2479 | D:2      | Learned a level 3 spell: Call Canine Familiar
  2808 | D:3      | Reached XP level 4. HP: 8/33 MP: 0/8
  3069 | D:3      | Reached skill level 6 in Summonings
  3604 | D:4      | Noticed Pikel
  3604 | D:4      | Noticed a lemure
  3604 | D:4      | Noticed a lemure
  3604 | D:4      | Noticed a lemure
  3604 | D:4      | Noticed a lemure
  3662 | D:3      | HP: 2/49 [lemure[Pikel] (3)]
  3662 | D:3      | Slain by Pikel

Illustrated notes

Levels and vault maps discovered:
D:1:      minmay_arrival_plants_in_alcoves, layout_loops_ring
D:2:      layout_basic, basic_ecumenical_altar, basic_altar, minivault_27
D:3:      layout_loops_ring
D:4:      layout_layer_cave, wad_rectangle_vault, uniq_ijyb, uniq_edmund,
          uniq_pikel

Skill      XL: |  1  2  3  4 |
---------------+-------------+-----
Fighting       | 2 |  2.0
Summonings     | 5 6 |  6.0
Spellcasting   | 3 |  3.0
Polearms       | |  0.5
Dodging        | |  2.2
Stealth        | |  1.8

Action                   |  1- 3 |  4- 6 || total
-------------------------+-------+-------++-------
Melee: Spear             |   117 |    40 ||   157
 Cast: Summon Small Mamm |    28 |     2 ||    30
       Call Imp          |    25 |     1 ||    26
       Call Canine Famil |     5 |     6 ||    11
 Abil: Hop               |     1 |     1 ||     2
  Use: Scroll            |     6 |     3 ||     9
       Potion            |       |     1 ||     1
 Stab: Distracted        |     2 |       ||     2
Armor: Leather armour    |    47 |     3 ||    50
       Robe              |     1 |       ||     1
       Skin              |       |    12 ||    12
Dodge: Dodged            |    98 |    17 ||   115

Table legend: (Time is in decaauts)
 A = Elapsed time spent in this place.
 B = Non-inter-level travel time spent in this place.
 C = Inter-level travel time spent in this place.
 D = Time resting spent in this place.
 E = Time spent auto-exploring this place.
 F = Levels seen in this place.
 G = Mean time per level.
                   A        B        C        D        E       F      G
               +--------+--------+--------+--------+--------+-----+--------+
         Total |   4042 |   3982 |     60 |    484 |   2790 |   4 | 1010.5 |
       Dungeon |   4042 |   3982 |     60 |    484 |   2790 |   4 | 1010.5 |
               +--------+--------+--------+--------+--------+-----+--------+

Top non-repeatable levels by time:
     D:1: 1737 daAuts
     D:3: 1280 daAuts
     D:2: 1022 daAuts
     D:4: 1 daAuts
